[Event "Groningen Festival 2018"]
[Site "Groningen"]
[Date "2018.12.29"]
[Round "8"]
[White "Pruijssers, Roeland"]
[Black "De Boer, Eelke"]
[Result "1-0"]
[ECO "B90"]
[WhiteElo "2520"]
[BlackElo "2327"]
[Annotator "ChessBase"]
[PlyCount "65"]
[EventDate "2018.12.22"]
[EventType "swiss"]
[EventCountry "NED"]
[SourceTitle "playchess.com"]
[Source "ChessBase"]
[SourceQuality "1"]
[TimeControl "40/5400+30:1800+30"]

1. e4 c5 2. Nf3 d6 3. d4 cxd4 4. Nxd4 Nf6 5. Nc3 a6 6. Be3 e5 7. Nb3 Be6 8. Qd2 Nbd7 9. f3 h5 10. Nd5 Bxd5 11. exd5 g6 12. Be2 Bg7 13. O-O b6 14. c4 O-O 15. Rae1 Nh7 16. Nc1 a5 17. a4 Nc5 18. Bd1 f5 19. Bc2 Nf6 20. Ne2 Qd7 21. Nc3 Rab8 22. Nb5 Na6 23. Kh1 f4 24. Bf2 g5 25. g3 Nc5 26. gxf4 gxf4 27. Rg1 Kh8 28. Rg6 Rf7 29. Reg1 e4 30. Bd4 e3 31. Qg2 Ng4 32. fxg4 Bxd4 33. Nxd4 1-0

[Event "Groningen Festival 2018"]
[Site "Groningen"]
[Date "2018.12.29"]
[Round "8"]
[White "Ulybin, Mikhail"]
[Black "Ladva, Ottomar"]
[Result "0-1"]
[ECO "E04"]
[WhiteElo "2482"]
[BlackElo "2497"]
[Annotator "ChessBase"]
[PlyCount "96"]
[EventDate "2018.12.22"]
[EventType "swiss"]
[EventCountry "NED"]
[SourceTitle "playchess.com"]
[Source "ChessBase"]
[SourceQuality "1"]
[TimeControl "40/5400+30:1800+30"]

1. d4 Nf6 2. c4 e6 3. g3 d5 4. Nf3 dxc4 5. Bg2 c5 6. O-O Nc6 7. dxc5 Qxd1 8. Rxd1 Bxc5 9. Nfd2 Na5 10. Na3 Bxa3 11. bxa3 Bd7 12. Bb2 Rc8 13. Bc3 b6 14. Rab1 O-O 15. Rdc1 h6 16. f4 Nd5 17. Bxa5 c3 18. Nb3 bxa5 19. Nxa5 Rc5 20. Nb3 Rc4 21. Kf2 Rfc8 22. Rc2 Nf6 23. Bf3 e5 24. fxe5 Bf5 25. exf6 Bxc2 26. Rc1 Bf5 27. fxg7 Ra4 28. Bd5 Kxg7 29. Ke3 c2 30. Rf1 Be6 31. Bxe6 fxe6 32. Kd2 Rxa3 33. Nc1 Ra6 34. Rf3 Rd6+ 35. Rd3 Rxd3+ 36. Nxd3 Kf6 37. Kc1 Kf5 38. h3 h5 39. Ne1 Ke4 40. g4 hxg4 41. hxg4 Ke3 42. Ng2+ Kxe2 43. Nf4+ Ke3 44. Nxe6 Rc6 45. Nd8 Rc4 46. Nf7 Rc5 47. Nd8 Kd3 48. Ne6 Re5 0-1

[Event "Groningen Festival 2018"]
[Site "Groningen"]
[Date "2018.12.29"]
[Round "8"]
[White "Warmerdam, Max"]
[Black "Plat, Vojtech"]
[Result "1/2-1/2"]
[ECO "C41"]
[WhiteElo "2433"]
[BlackElo "2550"]
[Annotator "ChessBase"]
[PlyCount "54"]
[EventDate "2018.12.22"]
[EventType "swiss"]
[EventCountry "NED"]
[SourceTitle "playchess.com"]
[Source "ChessBase"]
[SourceQuality "1"]
[TimeControl "40/5400+30:1800+30"]

1. e4 d6 2. d4 Nf6 3. Nc3 e5 4. Nf3 Nbd7 5. Bc4 Be7 6. a4 O-O 7. O-O a5 8. Re1 c6 9. h3 Nb6 10. Bb3 Nfd7 11. Be3 exd4 12. Nxd4 Nc5 13. Qf3 Bg5 14. Rad1 Bxe3 15. Qxe3 Re8 16. Qf4 Qe7 17. Re3 Nxb3 18. cxb3 Qe5 19. Qh4 Qe7 20. Qxe7 Rxe7 21. Nc2 Be6 22. Rxd6 Bxb3 23. Nd5 Bxd5 24. exd5 Rxe3 25. Nxe3 Nxa4 26. dxc6 bxc6 27. Nc4 g6 1/2-1/2

[Event "Groningen Festival 2018"]
[Site "Groningen"]
[Date "2018.12.29"]
[Round "8"]
[White "Schoppen, Casper"]
[Black "Ernst, Sipke"]
[Result "1-0"]
[ECO "C50"]
[WhiteElo "2431"]
[BlackElo "2539"]
[Annotator "ChessBase"]
[PlyCount "143"]
[EventDate "2018.12.22"]
[EventType "swiss"]
[EventCountry "NED"]
[SourceTitle "playchess.com"]
[Source "ChessBase"]
[SourceQuality "1"]
[TimeControl "40/5400+30:1800+30"]

1. e4 e5 2. Nf3 Nc6 3. Bc4 d6 4. d4 Be7 5. h3 Nf6 6. Nc3 O-O 7. O-O exd4 8. Nxd4 Re8 9. Nxc6 bxc6 10. Qf3 Rb8 11. Rd1 Bf8 12. Bb3 Qe7 13. Re1 h6 14. Bf4 Nh7 15. Qg3 Kh8 16. Rad1 a5 17. Bc1 g5 18. f4 gxf4 19. Qxf4 Ng5 20. Kh1 Bg7 21. Qh4 Kg8 22. Qh5 Be6 23. Re3 Bxb3 24. axb3 f6 25. h4 Qf7 26. Qe2 Ne6 27. Rf1 Kh8 28. Qf3 Qg6 29. Ne2 Rb5 30. Ng3 Re5 31. Bd2 Nd4 32. Qd1 f5 33. c3 f4 34. Rxf4 Ne6 35. Rg4 Qh7 36. Nf5 h5 37. Rgg3 Bf6 38. c4 Ng7 39. Nxg7 Bxg7 40. Bc3 Bf6 41. Bxe5 Rxe5 42. Qf1 Qe7 43. Ref3 Bg7 44. Rf4 Rxe4 45. Rxe4 Qxe4 46. Qd1 Qxh4+ 47. Rh3 Qe4 48. Qxh5+ Kg8 49. Rf3 Qe6 50. Qg5 Qd7 51. Re3 Kf8 52. Qxa5 Be5 53. Qe1 Qh7+ 54. Rh3 Qc2 55. Qf1+ Ke7 56. Rd3 c5 57. g3 Qxb2 58. Qf3 Qc2 59. Re3 Kd7 60. Re2 Qg6 61. Kg2 Qg7 62. Rf2 Ke7 63. Qd3 Kd7 64. Qf3 Ke7 65. g4 Bd4 66. Rf1 Bf6 67. Qe4+ Kd8 68. Qf5 Be7 69. Rf2 c6 70. Ra2 Kc7 71. Qe6 Kb6 72. Qc8 1-0

[Event "Groningen Festival 2018"]
[Site "Groningen"]
[Date "2018.12.29"]
[Round "8"]
[White "Zwirs, Nico"]
[Black "Krasenkova, Ilena"]
[Result "0-1"]
[ECO "B06"]
[WhiteElo "2414"]
[BlackElo "2144"]
[Annotator "NA"]
[PlyCount "118"]
[EventDate "2018.12.22"]
[EventType "swiss"]
[EventCountry "NED"]
[SourceTitle "playchess.com"]
[Source "ChessBase"]
[SourceQuality "1"]
[TimeControl "40/5400+30:1800+30"]

1. e4 g6 2. d4 Bg7 3. Nc3 c6 4. Nf3 Nf6 5. e5 Nd5 6. Nxd5 cxd5 7. Bf4 b5 8. Qd2 Qb6 9. O-O-O h6 10. h4 Nc6 11. Nh2 b4 12. Ng4 h5 13. Ne3 e6 14. g4 Ba6 15. gxh5 Rxh5 16. Bg5 Bxf1 17. Nxf1 d6 18. f4 Qa6 19. Kb1 Kd7 20. Ng3 Rh7 21. h5 Rah8 22. hxg6 Rxh1 23. Nxh1 fxg6 24. Nf2 Rh2 25. Qe3 Qc4 26. b3 Qa6 27. Re1 dxe5 28. Nd3 Kc7 29. fxe5 Qc8 30. Qf4 Rg2 31. Bf6 Bf8 32. Qf3 Rxc2 33. Qg4 Rc3 34. Nb2 Qd7 35. Rd1 g5 36. Qh5 g4 37. Na4 Rh3 38. Qxg4 Qh7+ 39. Ka1 Rh1 40. Nb2 Rxd1+ 41. Qxd1 Qe4 42. Nd3 Qxd4+ 43. Kb1 Bh6 44. Qf1 Be3 45. Bg7 Kb6 46. Bf8 Qe4 47. Bd6 a5 48. Qe2 Qh1+ 49. Ne1 Qg1 50. a4 Nd4 51. Qd1 Bf2 52. Qc1 Qxe1 53. Bc5+ Kc6 54. Qxe1 Bxe1 55. Bxd4 Bc3 56. Be3 Bxe5 57. Kc2 Bc7 58. Kd3 e5 59. Bg5 Bb6 0-1

[Event "Groningen Festival 2018"]
[Site "Groningen"]
[Date "2018.12.29"]
[Round "8"]
[White "Grooten, Herman"]
[Black "Jedlicka, Ales"]
[Result "0-1"]
[ECO "E92"]
[WhiteElo "2374"]
[BlackElo "2226"]
[Annotator "NA"]
[PlyCount "166"]
[EventDate "2018.12.22"]
[EventType "swiss"]
[EventCountry "NED"]
[SourceTitle "playchess.com"]
[Source "ChessBase"]
[SourceQuality "1"]
[TimeControl "40/5400+30:1800+30"]

1. d4 Nf6 2. Nf3 g6 3. c4 Bg7 4. Nc3 O-O 5. e4 d6 6. Be2 e5 7. d5 a5 8. Bg5 h6 9. Bh4 Na6 10. Nd2 Bd7 11. a3 Qe8 12. b3 h5 13. h3 Nh7 14. f3 Bh6 15. Bf2 Qe7 16. Qc2 h4 17. Nf1 Nc5 18. Rd1 Bf4 19. Nb5 Be8 20. g3 Bg5 21. g4 Bf4 22. Ne3 a4 23. bxa4 Nxa4 24. O-O b6 25. Rb1 Nc5 26. Qc3 Bxb5 27. cxb5 Bxe3 28. Qxe3 Ra7 29. Rb4 Rfa8 30. Ra1 g5 31. Bd1 Nf8 32. a4 Ng6 33. Ra3 Nf4 34. Kh2 Qf6 35. Qd2 Kg7 36. Be3 Ra5 37. Bc2 Kg6 38. Qd1 Kg7 39. Bd2 Kg6 40. Rb1 Kg7 41. Qf1 Kg6 42. Rd1 Kh6 43. Be3 Kg7 44. Bf2 Ng6 45. Be3 Nf4 46. Rb1 Kg6 47. Rb2 Kg7 48. Bd1 Nxa4 49. Rba2 Nc5 50. Rxa5 bxa5 51. Qe1 a4 52. Ra3 Ng6 53. Qd2 Kh6 54. Qb4 Nf8 55. Kg2 Nfd7 56. Bxa4 Qd8 57. Bc2 Qb8 58. Ra5 f6 59. Bd1 Kg6 60. Be2 Kf7 61. Qa3 Rxa5 62. Qxa5 Kg6 63. Kf2 Qb7 64. Ke1 Kf7 65. Kd1 Ke7 66. Kc2 Kd8 67. Kc3 Kc8 68. Kb4 Kb8 69. Bc4 Qb6 70. Qa3 Na6+ 71. Ka4 Ndc5+ 72. Bxc5 Nxc5+ 73. Kb4 Nd7 74. Qc3 Qg1 75. Bd3 Nc5 76. Bc2 Kb7 77. Qc4 Qg2 78. b6 cxb6 79. Qc3 Qxh3 80. Ba4 Qf1 81. Bc6+ Kc7 82. Qa3 Qb1+ 83. Kc4 Qb3+ 0-1

[Event "Groningen Festival 2018"]
[Site "Groningen"]
[Date "2018.12.29"]
[Round "8"]
[White "Maatman, Nick"]
[Black "Krasenkow, Michal"]
[Result "1-0"]
[ECO "D35"]
[WhiteElo "2363"]
[BlackElo "2630"]
[Annotator "ChessBase"]
[PlyCount "163"]
[EventDate "2018.12.22"]
[EventType "swiss"]
[EventCountry "NED"]
[SourceTitle "playchess.com"]
[Source "ChessBase"]
[SourceQuality "1"]
[TimeControl "40/5400+30:1800+30"]

1. d4 d5 2. c4 e6 3. Nc3 c6 4. Nf3 Nf6 5. Bg5 Nbd7 6. cxd5 exd5 7. e3 h6 8. Bh4 g5 9. Bg3 Nh5 10. Bd3 Nxg3 11. hxg3 Bg7 12. Qc2 Nb6 13. O-O-O Be6 14. Kb1 Qe7 15. Rc1 Nc4 16. Nd2 Nd6 17. Na4 f5 18. Nc5 O-O 19. Nf3 Ne4 20. Nxe6 Qxe6 21. Ne5 Rac8 22. g4 fxg4 23. f3 Bxe5 24. fxe4 Bg7 25. e5 c5 26. Rhf1 Rxf1 27. Rxf1 Qb6 28. Bf5 Rc7 29. dxc5 Qa6 30. Rd1 Bxe5 31. Rxd5 Qf6 32. Bxg4 Kg7 33. Bf3 Re7 34. Rd1 Bg3 35. Bd5 Rxe3 36. Bxb7 Re7 37. Bf3 Qg6 38. c6 h5 39. Rd7 Rxd7 40. cxd7 Bc7 41. Bxh5 Qxc2+ 42. Kxc2 Kf6 43. Kd3 Ke6 44. Bg4+ Kd5 45. b4 Bb6 46. a4 a5 47. bxa5 Bxa5 48. Ke3 Ke5 49. Kf3 Bd8 50. Bh3 Ba5 51. Kg4 Kf6 52. Kh5 Bd8 53. Kh6 Ba5 54. Bg4 Bd8 55. Be2 Ke6 56. Bb5 Kf6 57. Kh7 Kf7 58. g4 Ba5 59. Bc4+ Kf6 60. Kg8 Ke7 61. Bb5 Bb6 62. Kg7 Bd8 63. Kg6 Ke6 64. Bc6 Ke7 65. Kf5 Kd6 66. Bb5 Kd5 67. a5 Bxa5 68. Kxg5 Ke6 69. Kh6 Ke7 70. g5 Bd2 71. Kh5 Bc3 72. Kg6 Bd2 73. Kf5 Be3 74. g6 Bd4 75. Ke4 Bb6 76. Kd5 Kf6 77. Bd3 Ba5 78. Kc6 Ke6 79. Kb7 Ke7 80. Kc8 Bb6 81. Be2 Ba5 82. Bh5 1-0

[Event "Groningen Festival 2018"]
[Site "Groningen"]
[Date "2018.12.29"]
[Round "8"]
[White "Cerveny, Martin"]
[Black "Ashwath, R.."]
[Result "1-0"]
[ECO "D38"]
[WhiteElo "2347"]
[BlackElo "2314"]
[Annotator "NA"]
[PlyCount "145"]
[EventDate "2018.12.22"]
[EventType "swiss"]
[EventCountry "NED"]
[SourceTitle "playchess.com"]
[Source "ChessBase"]
[SourceQuality "1"]
[TimeControl "40/5400+30:1800+30"]

1. d4 Nf6 2. Nf3 d5 3. c4 e6 4. Nc3 Bb4 5. cxd5 exd5 6. Bg5 Nbd7 7. e3 c5 8. Bd3 Qa5 9. Qc2 c4 10. Bf5 O-O 11. O-O Re8 12. Nd2 g6 13. Bh3 Bxc3 14. Qxc3 Qxc3 15. bxc3 Ne4 16. Nxe4 dxe4 17. Bg4 Nb6 18. Be2 Be6 19. Rab1 Rac8 20. Rfc1 Rc7 21. Bf4 Rd7 22. Bg3 Rc8 23. Rb4 Rc6 24. a4 Nd5 25. Rb5 b6 26. f3 f5 27. Kf2 a6 28. Rbb1 Rb7 29. Be5 Rc8 30. g4 b5 31. gxf5 Bxf5 32. h4 h5 33. f4 Kh7 34. Bf1 Be6 35. Bd6 Rd8 36. Ba3 Rdb8 37. Bd6 Rd8 38. Bc5 Rdb8 39. a5 Ne7 40. Bg2 Bd5 41. Bh3 Nf5 42. Rg1 Rf7 43. Rg5 Rd8 44. Rh1 Be6 45. Bg2 Bd5 46. Bf1 Nh6 47. Be2 Rf5 48. Rg2 Be6 49. Rhg1 Rg8 50. Ke1 Rd5 51. Kd2 Nf5 52. Rg5 Bf7 53. Bb4 Rgd8 54. Rh1 Nh6 55. Re5 Rxe5 56. fxe5 Be6 57. Rf1 Bf5 58. Ke1 Ng4 59. Bxg4 hxg4 60. Kf2 Kh6 61. Kg3 Kh5 62. Be7 Rd7 63. Bg5 b4 64. cxb4 c3 65. Rc1 Rc7 66. d5 c2 67. e6 Rc3 68. b5 Rc5 69. e7 Bd7 70. bxa6 Rxd5 71. Rxc2 Be8 72. Rf2 Rd1 73. Rf8 1-0

[Event "Groningen Festival 2018"]
[Site "Groningen"]
[Date "2018.12.29"]
[Round "8"]
[White "De Jong, Migchiel"]
[Black "Kollen, Zyon"]
[Result "1-0"]
[ECO "C15"]
[WhiteElo "2323"]
[BlackElo "2363"]
[Annotator "NA"]
[PlyCount "139"]
[EventDate "2018.12.22"]
[EventType "swiss"]
[EventCountry "NED"]
[SourceTitle "playchess.com"]
[Source "ChessBase"]
[SourceQuality "1"]
[TimeControl "40/5400+30:1800+30"]

1. e4 e6 2. d4 d5 3. Nc3 Bb4 4. Nge2 Nf6 5. e5 Nfd7 6. a3 Be7 7. f4 c5 8. Be3 Nc6 9. dxc5 Nxc5 10. Nd4 a6 11. Be2 Bd7 12. O-O Nxd4 13. Bxd4 Na4 14. Nxa4 Bxa4 15. b3 Bd7 16. Bd3 Qc8 17. Kh1 Bc5 18. c3 Bxd4 19. cxd4 Qc3 20. f5 exf5 21. Bxf5 Bxf5 22. Rxf5 Rc8 23. Rf3 Qc2 24. Qe1 Rc6 25. Qb4 Rg6 26. Rg3 Rxg3 27. hxg3 Qc7 28. Rf1 h5 29. Qa4+ Qc6 30. Rc1 Qxa4 31. bxa4 Rh6 32. Rc5 h4 33. Kh2 hxg3+ 34. Kxg3 Rb6 35. Rxd5 Rb3+ 36. Kf4 Rxa3 37. a5 Ra4 38. g4 Ke7 39. g5 g6 40. Ke4 Ra1 41. Rd6 Rb1 42. Rf6 Rb5 43. Kd3 Rb1 44. Kc4 Rc1+ 45. Kd5 Rb1 46. Ke4 Re1+ 47. Kd5 Rb1 48. Kc5 Rb5+ 49. Kc4 Rb1 50. d5 Rc1+ 51. Kd4 Rd1+ 52. Kc5 Rb1 53. Rb6 Rc1+ 54. Kd4 Rd1+ 55. Ke4 Re1+ 56. Kf4 Rf1+ 57. Kg3 Rg1+ 58. Kf3 Rxg5 59. Rxb7+ Ke8 60. Kf4 Rf5+ 61. Ke4 Rf1 62. d6 Ra1 63. Kd5 Rd1+ 64. Kc6 Rc1+ 65. Kb6 g5 66. Re7+ Kf8 67. Rc7 Rb1+ 68. Kxa6 g4 69. Rc8+ Kg7 70. d7 1-0

[Event "Groningen Festival 2018"]
[Site "Groningen"]
[Date "2018.12.29"]
[Round "8"]
[White "Kabos, Tobias"]
[Black "Kislinsky, Alexey"]
[Result "1/2-1/2"]
[ECO "A59"]
[WhiteElo "2299"]
[BlackElo "2425"]
[Annotator "NA"]
[PlyCount "56"]
[EventDate "2018.12.22"]
[EventType "swiss"]
[EventCountry "NED"]
[SourceTitle "playchess.com"]
[Source "ChessBase"]
[SourceQuality "1"]
[TimeControl "40/5400+30:1800+30"]

1. d4 Nf6 2. c4 c5 3. d5 b5 4. cxb5 a6 5. bxa6 g6 6. Nc3 Bxa6 7. Nf3 d6 8. e4 Bxf1 9. Kxf1 Bg7 10. g3 O-O 11. Kg2 Qb6 12. a4 Na6 13. a5 Qb7 14. Nd2 Nb4 15. Nc4 Qa6 16. Nb6 Ra7 17. Qa4 Ng4 18. h3 Nxf2 19. Kxf2 Bd4+ 20. Kg2 Bxc3 21. bxc3 Qe2+ 22. Kg1 Qe1+ 23. Kg2 Qxe4+ 24. Kh2 Qe2+ 25. Kg1 Qe1+ 26. Kg2 Qe4+ 27. Kh2 Qe2+ 28. Kg1 Qe1+ 1/2-1/2

[Event "Groningen Festival 2018"]
[Site "Groningen"]
[Date "2018.12.29"]
[Round "8"]
[White "Baum, Bernd"]
[Black "Beerdsen, Thomas"]
[Result "1/2-1/2"]
[ECO "A25"]
[WhiteElo "2252"]
[BlackElo "2477"]
[Annotator "ChessBase"]
[PlyCount "130"]
[EventDate "2018.12.22"]
[EventType "swiss"]
[EventCountry "NED"]
[SourceTitle "playchess.com"]
[Source "ChessBase"]
[SourceQuality "1"]
[TimeControl "40/5400+30:1800+30"]

1. g3 f5 2. c4 Nf6 3. Nc3 g6 4. Bg2 Bg7 5. d3 O-O 6. e3 e5 7. Nge2 Nc6 8. O-O d6 9. Rb1 g5 10. f4 exf4 11. exf4 g4 12. d4 a5 13. d5 Nb8 14. Be3 Re8 15. Bf2 Nbd7 16. Qc2 Nc5 17. Rfe1 Nfe4 18. Bd4 Bd7 19. Bxg7 Kxg7 20. Nxe4 Nxe4 21. Nc3 Nc5 22. Rxe8 Bxe8 23. Re1 Qf6 24. Qd2 Bd7 25. Nd1 a4 26. Qc3 Kf7 27. Bf1 h5 28. Qxf6+ Kxf6 29. Nc3 h4 30. Re3 h3 31. a3 Ra6 32. Re2 Nb3 33. Rf2 Nd4 34. Be2 Ra5 35. Kf1 Rc5 36. Bd3 Kg6 37. Nxa4 Ra5 38. Nc3 Ra8 39. Ne2 Nf3 40. Ng1 Nd4 41. Ne2 Nf3 42. Nc3 c5 43. dxc6 Bxc6 44. Be2 Nd4 45. Bd1 Bg2+ 46. Ke1 Re8+ 47. Kd2 Nf3+ 48. Bxf3 gxf3 49. b3 Kf7 50. Nd5 Rg8 51. Ne3 Ke6 52. Nf1 d5 53. cxd5+ Kxd5 54. Kd3 Rc8 55. Nd2 Rc1 56. Nxf3 Rh1 57. Ke3 Bxf3 58. Kxf3 Rb1 59. Rd2+ Ke6 60. Re2+ Kf6 61. Re3 Rf1+ 62. Ke2 Rh1 63. Kf3 Rf1+ 64. Ke2 Rh1 65. Kf3 Rf1+ 1/2-1/2

[Event "Groningen Festival 2018"]
[Site "Groningen"]
[Date "2018.12.29"]
[Round "8"]
[White "Van Meegen, Ruud"]
[Black "Lahaye, Rick"]
[Result "0-1"]
[ECO "D35"]
[WhiteElo "2230"]
[BlackElo "2404"]
[Annotator "NA"]
[PlyCount "66"]
[EventDate "2018.12.22"]
[EventType "swiss"]
[EventCountry "NED"]
[SourceTitle "playchess.com"]
[Source "ChessBase"]
[SourceQuality "1"]
[TimeControl "40/5400+30:1800+30"]

1. c4 e6 2. Nc3 d5 3. d4 Nf6 4. cxd5 exd5 5. Bg5 Be7 6. e3 Nbd7 7. Bd3 Nf8 8. Nge2 Ne6 9. Bh4 g6 10. f3 O-O 11. O-O b6 12. Bf2 Bb7 13. Kh1 c5 14. Bc2 Rc8 15. Rc1 a6 16. dxc5 bxc5 17. Bb3 Qb6 18. Bxd5 Nxd5 19. Nxd5 Bxd5 20. Qxd5 Qxb2 21. Qc4 Qb5 22. a4 Qxc4 23. Rxc4 Rb8 24. Rfc1 Rfd8 25. Be1 Rd3 26. R4c3 Rb3 27. Rxb3 Rxb3 28. Nc3 c4 29. h3 Ba3 30. Rc2 Bb4 31. Bd2 Nc5 32. Kh2 f5 33. a5 Bxa5 0-1

[Event "Groningen Festival 2018"]
[Site "Groningen"]
[Date "2018.12.29"]
[Round "8"]
[White "Nicolai, Amir"]
[Black "Maris, Ivo"]
[Result "0-1"]
[ECO "B48"]
[WhiteElo "2074"]
[BlackElo "2351"]
[Annotator "NA"]
[PlyCount "106"]
[EventDate "2018.12.22"]
[EventType "swiss"]
[EventCountry "NED"]
[SourceTitle "playchess.com"]
[Source "ChessBase"]
[SourceQuality "1"]
[TimeControl "40/5400+30:1800+30"]

1. e4 c5 2. Nf3 e6 3. d4 cxd4 4. Nxd4 Nc6 5. Nc3 Qc7 6. Be3 a6 7. Qf3 d6 8. Nxc6 bxc6 9. O-O-O Nf6 10. Kb1 e5 11. Qg3 h5 12. Bg5 Nh7 13. Bc1 Nf6 14. Bg5 Be7 15. Bc4 h4 16. Qd3 h3 17. g3 Ng4 18. Bxe7 Kxe7 19. Qd2 Rb8 20. f4 f6 21. b3 Rd8 22. f5 Qb6 23. Rhe1 Qb4 24. Bd5 Qc5 25. Na4 Qb5 26. Nc3 Qb7 27. Qe2 Nh6 28. Bc4 d5 29. Nxd5+ cxd5 30. Bxd5 Qc7 31. Qh5 Bb7 32. Be6 Rxd1+ 33. Rxd1 Rd8 34. Bd5 Bxd5 35. exd5 Qc5 36. c4 Qf2 37. Qg6 Qxf5+ 38. Qxf5 Nxf5 39. Kb2 Kd6 40. Kc3 Rc8 41. g4 Nd4 42. b4 a5 43. bxa5 Kc5 44. Rb1 Ra8 45. Rb7 Rxa5 46. Rc7+ Kd6 47. Rxg7 Rxa2 48. Rf7 Rxh2 49. Rxf6+ Kc5 50. d6 e4 51. Rf5+ Nxf5 52. d7 Nd4 53. d8=Q Rc2# 0-1

[Event "Groningen Festival 2018"]
[Site "Groningen"]
[Date "2018.12.30"]
[Round "9"]
[White "Lahaye, Rick"]
[Black "Jedlicka, Ales"]
[Result "1-0"]
[ECO "A36"]
[WhiteElo "2404"]
[BlackElo "2226"]
[Annotator "NA"]
[PlyCount "113"]
[EventDate "2018.12.22"]
[EventType "swiss"]
[EventCountry "NED"]
[SourceTitle "playchess.com"]
[Source "ChessBase"]
[SourceQuality "1"]
[TimeControl "40/5400+30:1800+30"]

1. g3 Nf6 2. Bg2 c5 3. d3 g6 4. c4 Bg7 5. Nc3 O-O 6. e3 Nc6 7. Nge2 d6 8. O-O a6 9. h3 e5 10. d4 Rb8 11. dxc5 dxc5 12. b3 Bf5 13. Ba3 Qa5 14. Bb2 Rfd8 15. Nd5 Nxd5 16. cxd5 b5 17. a3 Qb6 18. Rc1 Na5 19. e4 Bd7 20. Bc3 Rbc8 21. Bd2 c4 22. Be3 Qd6 23. b4 Nb3 24. Rb1 a5 25. Nc1 axb4 26. axb4 Nd4 27. Ne2 c3 28. Qd3 c2 29. Rb2 Rc4 30. Nxd4 exd4 31. Bf4 Qf8 32. Rxc2 Qxb4 33. Bd2 Qc5 34. Rb2 Rc8 35. Rfb1 Rc3 36. Qf1 Qa3 37. Qd1 R3c4 38. Bf1 Qd6 39. Qe1 Re8 40. Bf4 Be5 41. Bd2 Qc5 42. Bd3 f5 43. Bb4 Qc7 44. exf5 Bxg3 45. Re2 Rxe2 46. Qxe2 Rc1+ 47. Rxc1 Qxc1+ 48. Kg2 Bh4 49. Qe5 Qg5+ 50. Kh2 gxf5 51. Qxd4 Qf6 52. Qf4 Bg5 53. Qb8+ Kf7 54. Bd6 Qd4 55. Qf8+ Kg6 56. Bxf5+ Bxf5 57. Qe8+ 1-0

[Event "Groningen Festival 2018"]
[Site "Groningen"]
[Date "2018.12.30"]
[Round "9"]
[White "Kollen, Zyon"]
[Black "Kabos, Tobias"]
[Result "1/2-1/2"]
[ECO "B90"]
[WhiteElo "2363"]
[BlackElo "2299"]
[Annotator "NA"]
[PlyCount "40"]
[EventDate "2018.12.22"]
[EventType "swiss"]
[EventCountry "NED"]
[SourceTitle "playchess.com"]
[Source "ChessBase"]
[SourceQuality "1"]
[TimeControl "40/5400+30:1800+30"]

1. e4 c5 2. Nf3 d6 3. d4 cxd4 4. Nxd4 Nf6 5. Nc3 a6 6. Be3 e5 7. Nb3 Be6 8. f3 Nbd7 9. Qd2 b5 10. a4 b4 11. Nd5 Bxd5 12. exd5 Nb6 13. Bxb6 Qxb6 14. a5 Qb7 15. Bc4 g6 16. Ra4 Rb8 17. Qd3 Ra8 18. Qd2 Rb8 19. Qd3 Ra8 20. Qd2 Rb8 1/2-1/2

[Event "Groningen Festival 2018"]
[Site "Groningen"]
[Date "2018.12.30"]
[Round "9"]
[White "Maris, Ivo"]
[Black "Krasenkova, Ilena"]
[Result "1-0"]
[ECO "B06"]
[WhiteElo "2351"]
[BlackElo "2144"]
[Annotator "NA"]
[PlyCount "83"]
[EventDate "2018.12.22"]
[EventType "swiss"]
[EventCountry "NED"]
[SourceTitle "playchess.com"]
[Source "ChessBase"]
[SourceQuality "1"]
[TimeControl "40/5400+30:1800+30"]

1. d4 g6 2. e4 Bg7 3. Nf3 d6 4. Be2 Nf6 5. Nbd2 a5 6. a4 O-O 7. O-O c6 8. Re1 Qc7 9. e5 dxe5 10. Nxe5 c5 11. c3 cxd4 12. cxd4 Be6 13. Ra3 Nd5 14. Ne4 Nc6 15. Ng5 Bf5 16. g4 Bc8 17. Ngxf7 Rxf7 18. Nxf7 Kxf7 19. Bc4 e6 20. Bxd5 Nxd4 21. Bg2 Ra6 22. Rd3 e5 23. Be3 Rd6 24. Bxd4 exd4 25. Rf3+ Rf6 26. g5 Rf5 27. Qb3+ Kf8 28. Rxf5+ gxf5 29. Bd5 Be5 30. Qh3 Qd6 31. Bc4 Qc5 32. b3 d3 33. Qh6+ Bg7 34. Qxh7 Qxc4 35. bxc4 d2 36. Rd1 Bc3 37. Rxd2 Bxd2 38. g6 Be6 39. g7+ Ke8 40. g8=Q+ Bxg8 41. Qxg8+ Ke7 42. Qd5 1-0

[Event "Groningen Festival 2018"]
[Site "Groningen"]
[Date "2018.12.30"]
[Round "9"]
[White "Hilwerda, Jonas"]
[Black "Grooten, Herman"]
[Result "1-0"]
[ECO "D02"]
[WhiteElo "2128"]
[BlackElo "2374"]
[Annotator "NA"]
[PlyCount "109"]
[EventDate "2018.12.22"]
[EventType "swiss"]
[EventCountry "NED"]
[SourceTitle "playchess.com"]
[Source "ChessBase"]
[SourceQuality "1"]
[TimeControl "40/5400+30:1800+30"]

1. d4 Nf6 2. Bf4 d5 3. e3 Bf5 4. Nf3 c5 5. dxc5 Qa5+ 6. Nbd2 Nbd7 7. Nd4 Bg4 8. f3 e5 9. fxg4 exf4 10. exf4 O-O-O 11. Be2 Bxc5 12. c3 Bxd4 13. cxd4 Ne4 14. Qc2+ Kb8 15. Rd1 Rc8 16. Qd3 Nxd2 17. Qxd2 Qxa2 18. O-O Qb3 19. Rf3 Qc2 20. Bd3 Qxd2 21. Rxd2 Rhe8 22. g5 g6 23. f5 Re7 24. h4 Rg8 25. Kf2 Kc7 26. Kg3 gxf5 27. Bxf5 h6 28. Rc2+ Kd6 29. Bxd7 Kxd7 30. Rf5 f6 31. Rxf6 hxg5 32. h5 Re3+ 33. Kf2 Re4 34. Rf7+ Ke6 35. Rcc7 Rxd4 36. Rce7+ Kd6 37. Rd7+ Kc5 38. Rc7+ Kb5 39. Rxb7+ Kc4 40. Rbc7+ Kd3 41. h6 Rg6 42. h7 Rh6 43. g3 Rb4 44. Rxa7 Rxb2+ 45. Kf3 Rbh2 46. Kg4 R6h3 47. Rfd7 Kd4 48. Ra5 Ke5 49. Rdxd5+ Ke6 50. Re5+ Kf6 51. Reb5 Ke7 52. Rb6 Kd8 53. Ra7 Kc8 54. Rg6 Kb8 55. Rf7 1-0